 Dungeon Crawl Stone Soup version 0.27.1-35-g4d5d836560 (webtiles) character file.

Game seed: 6022159346662678219

4789 Delamore the Slicer (level 10, -2/66 HPs)
             Began as an Octopode Brigand on Apr 29, 2022.
             Was an Initiate of Gozag.
             Slain by a killer bee (3 damage)
             ... on level 8 of the Dungeon.
             The game lasted 00:14:25 (12007 turns).

Delamore the Slicer (Octopode Brigand)             Turns: 12007, Time: 00:14:26

Health: -2/66      AC:  1    Str: 15 (16) XL:     10   Next: 47%
Magic:  10/10      EV: 15    Int: 19 (21) God:    Gozag
Gold:   443        SH:  5    Dex: 15 (16) Spells: 9/9 levels left

rFire    . . .     SeeInvis .   a - +2 dagger
rCold    . . .     Faith    .   K - +0 buckler
rNeg     . . .     Spirit   .   (helmet restricted)
rPois    .         Reflect  .   t - amulet of magic regeneration
rElec    .         Harm     .   n - +6 ring of strength
rCorr    .         Rampage  .   H - +6 ring of intelligence
Will     .....                  (no ring)
Stlth    +++++.....             (no ring)
HPRegen  0.21/turn              (no ring)
MPRegen  0.37/turn              (no ring)
                                (no ring)
                                (no ring)

@: lethally poisoned (-2 -> -5), gold aura
A: almost no armour, amphibious, 8 rings, camouflage 1, gelatinous body 1,
(nimble swimmer 1), tentacles
a: Renounce Religion, Potion Petition, Call Merchant, Bribe Branch


You were on level 8 of the Dungeon.
You worshipped Gozag.
Gozag was aware of your devotion.
You visited 2 branches of the dungeon, and saw 9 of its levels.

You collected 547 gold pieces.
You paid 104 gold pieces to Gozag.

Inventory:

Hand Weapons
 a - a +2 dagger (weapon)
 i - a +0 dagger of speed
Missiles
 f - 11 boomerangs (quivered)
 I - 2 throwing nets
 J - 7 javelins
Armour
 K - a +0 buckler (worn)
Jewellery
 n - a +6 ring of strength (left tentacle)
 t - an amulet of magic regeneration (around mantle)
 H - a +6 ring of intelligence (right tentacle)
Wands
 c - a wand of flame (18)
 A - a wand of digging (4)
 G - a wand of iceblast (6)
Scrolls
 e - a scroll of vulnerability
 g - 2 scrolls of teleportation
 j - a scroll of brand weapon
 p - 6 scrolls of immolation
 s - a scroll of enchant weapon
 u - a scroll of fog
 x - 2 scrolls of silence
 y - a scroll of fear {unknown}
 B - 2 scrolls of noise {unknown}
 E - a scroll of amnesia {unknown}
 F - a scroll of torment {unknown}
Potions
 d - 2 potions of magic
 k - a potion of invisibility {unknown}
 l - 3 potions of haste
 m - a potion of berserk rage {unknown}
 q - a potion of curing {unknown}
 r - a potion of flight {unknown}
 v - a potion of might {unknown}
 w - 2 potions of resistance {unknown}
 z - a potion of degeneration
 C - a potion of brilliance {unknown}


   Skills:
 - Level 5.0 Fighting
 - Level 10.0 Short Blades
 - Level 4.0 Throwing
 - Level 5.0 Dodging
 - Level 10.0 Stealth
 + Level 3.9 Shields
 + Level 4.9 Evocations


You had 9 spell levels left.
You didn't know any spells.
Your spell library contained the following spells:

 Spells                   Type           Power      Damage    Failure   Level
 Sublimation of Blood     Necr           0%         N/A       30%         2
 Wereblood                Tmut           0%         N/A       30%         2
 Dazzling Flash           Conj/Hex       0%         N/A       52%         3
 Frozen Ramparts          Ice            0%         1d2       52%         3
 Ignite Poison            Fire/Tmut/Pois 0%         N/A       52%         3
 Mephitic Cloud           Conj/Pois/Air  0%         N/A       52%         3
 Ice Form                 Ice/Tmut       0%         N/A       90%         4
 Summon Ice Beast         Ice/Summ       0%         N/A       90%         4
 Agony                    Necr           0%         N/A       99%         5
 Bolt of Magma            Conj/Fire/Erth 0%         4d4       99%         5
 Silence                  Hex/Air        0%         N/A       99%         5
 Summon Hydra             Summ           0%         N/A       100%        7


Dungeon Overview and Level Annotations

Branches:
Dungeon (8/15)             Temple (1/1) D:7
   Lair: D:8-11

Altars:
Ashenzari
Cheibriados
Dithmenos
Elyvilon
Fedhas
Gozag
Hepliaklqana
Kikubaaqudgha
Makhleb
Nemelex Xobeh
Okawaru
Ru
Sif Muna
Trog
Uskayaw
Vehumet
Wu Jian
Xom
Yredelemnul
Zin

Shops:
D:3 [   D:6 (


Innate Abilities, Weirdness & Mutations

You cannot wear most types of armour.
You are amphibious.
You can wear up to eight rings at the same time.
Your skin changes colour to match your surroundings (Stealth+).
Your rubbery body absorbs attacks. (AC +1, EV +1)
((You are camouflaged near water. (Stealth+)))
You have tentacles for arms and can constrict up to eight enemies at once.


Message History

You are poisoned.
The killer bee poisons you! The killer bee barely misses you.
The killer bee misses you.
The killer bee is distracted by your dazzling golden aura.
The killer bee buzzes angrily.
It was a potion of magic.
Magic courses through your body.
You feel sick.
The killer bee is no longer distracted by gold.
The killer bee stings you!
* * * LOW HITPOINT WARNING * * *
The killer bee misses you. The killer bee stings you!
* * * LOW HITPOINT WARNING * * *
The killer bee closely misses you.
You feel much better.
You feel sick. The killer bee stings you!
* * * LOW HITPOINT WARNING * * *
The killer bee stings you but does no damage.
The killer bee misses you. You block the killer bee's attack.
Okay, then.
Okay, then.
Aiming: Mindburst
Press: ? - help, Shift-Dir - straight line, f - killer bee
Aim: a killer bee (chance to affect: 88%)
The killer bee's mind is blasted!!
You blow up the killer bee!
The now-empty wand crumbles to dust.
You feel sick. The killer bee completely misses you.
You block the killer bee's attack.
You hit the killer bee but do no damage.
Your grab misses the killer bee. Your squeeze misses the killer bee.
You feel sick.
The killer bee stings you but does no damage.
You hit the killer bee but do no damage.
Your grab misses the killer bee. Your squeeze misses the killer bee.
The killer bee stings you!
* * * LOW HITPOINT WARNING * * *
It was a potion of degeneration.
There was something very wrong with that liquid.
You feel weakened.
You feel dopey.
You feel clumsy.
* * * LOW HITPOINT WARNING * * *
You feel sick. The killer bee completely misses you. The killer bee stings you.
You die...
Your body crumbles into a pile of gold.

#......................#.8..)_
#...).......$..........#...#..
#..)......[............#######
#)............................
#.............................
#.....)..............(........
#............)..............).
#......$..(...................
#.........(..@............)...
#.........$.y.(...............
#.........(...................
#.............................
#....?..........$.............
......((...................
........................
........................
################


You could see a killer bee.

Vanquished Creatures
  A two-headed ogre (D:8)
  Sigmund (D:6)
  A wraith (D:7)
  A steam dragon (D:7)
  2 water moccasins (D:6)
  A hornet zombie (D:6)
  2 sky beasts
  2 orc warriors (D:8)
  3 necrophages (D:4)
  4 ogres
  4 centaurs
  A phantom (D:6)
  Blork the orc (D:5)
  6 bullfrogs
  A wyvern zombie (D:6)
  A gnoll sergeant (D:7)
  A water moccasin zombie (D:6)
  2 scorpions
  2 killer bees (D:8)
  2 water moccasin skeletons (D:6)
  3 centaur zombies
  A bullfrog zombie (D:5)
  5 hounds
  3 jellies
  4 orc priests
  Crazy Yiuf (D:3)
  2 centaur skeletons
  Natasha (twice) (D:3)
  An iguana (D:6)
  8 orc wizards
  2 hound skeletons (D:4)
  A howler monkey zombie (D:6)
  10 gnolls
  3 adders
  2 ufetubi
  2 worms
  5 dart slugs
  18 orcs
  10 bats
  2 endoplasms (D:1)
  5 giant cockroaches
  5 goblins
  7 hobgoblins
  11 jackals
  3 quokkas
  10 ball pythons
  3 frilled lizards (D:2)
  12 kobolds
  3 rats
183 creatures vanquished.

Notes
Turn   | Place    | Note
-------+----------+-------------------------------------------
     0 | D:1      | Delamore the Octopode Brigand began the quest for the Orb.
     0 | D:1      | Reached XP level 1. HP: 14/14 MP: 1/1
    39 | D:1      | Reached XP level 2. HP: 12/19 MP: 2/2
    39 | D:1      | Found a faded altar of an unknown god.
   505 | D:1      | Reached XP level 3. HP: 15/24 MP: 3/3
  1775 | D:2      | Reached XP level 4. HP: 9/29 MP: 4/4
  2977 | D:3      | Found a runed translucent door.
  2978 | D:3      | Noticed Crazy Yiuf
  2994 | D:3      | Found a shimmering altar of Xom.
  2994 | D:3      | Found a shimmering blue altar of Sif Muna.
  3204 | D:3      | Found Enall's Antique Armour Shop.
  3508 | D:3      | Reached XP level 5. HP: 31/34 MP: 5/5
  3803 | D:3      | Noticed Natasha
  3809 | D:3      | Killed Natasha
  3967 | D:3      | Found a glowing silver altar of Zin.
  3968 | D:3      | Noticed an angel
  4475 | D:3      | Noticed Natasha
  4486 | D:3      | Killed Natasha
  4565 | D:3      | Killed Crazy Yiuf
  4566 | D:3      | Reached skill level 5 in Short Blades
  4710 | D:4      | Reached XP level 6. HP: 39/39 MP: 6/6
  4791 | D:4      | Noticed a necrophage
  4796 | D:4      | Killed a necrophage
  5003 | D:4      | Noticed a necrophage
  5166 | D:4      | Killed a necrophage
  5167 | D:4      | Reached XP level 7. HP: 34/45 MP: 7/7
  5613 | D:5      | Entered Level 5 of the Dungeon
  6103 | D:5      | Noticed Blork the orc
  6128 | D:5      | Killed Blork the orc
  6129 | D:5      | Reached XP level 8. HP: 24/50 MP: 8/8
  7434 | D:6      | Found a bloodstained altar of Trog.
  7784 | D:6      | Noticed Sigmund
  7791 | D:6      | Killed Sigmund
  7967 | D:6      | Reached skill level 10 in Short Blades
  7967 | D:6      | Reached XP level 9. HP: 25/54 MP: 9/9
  8504 | D:6      | Reached skill level 10 in Stealth
  9180 | D:6      | Found Qaewahia's Weapon Emporium.
  9821 | D:7      | Reached skill level 1 in Evocations
  9997 | D:7      | Found a staircase to the Ecumenical Temple.
 10023 | Temple   | Entered the Ecumenical Temple
 10223 | Temple   | Became a worshipper of Gozag Ym Sagoz the Greedy
 10255 | D:7      | Found a shadowy altar of Dithmenos.
 10461 | D:7      | Found a blossoming altar of Fedhas.
 10530 | D:7      | Reached XP level 10. HP: 21/65 MP: 10/10
 10799 | D:7      | Reached skill level 5 in Fighting
 10799 | D:7      | Reached skill level 1 in Shields
 11552 | D:8      | Found an ornate altar of the Wu Jian Council.
 11561 | D:8      | Reached skill level 5 in Dodging
 11848 | D:8      | Identified the +1 leather armour of Jaun {rF+ rC+ Str+2}
 11881 | D:8      | Noticed a two-headed ogre
 11897 | D:8      | Killed a two-headed ogre
 12002 | D:8      | HP: 2/66 [killer bee (9)]
 12007 | D:8      | HP: 1/66 [poisoned by a killer bee]
 12007 | D:8      | Slain by a killer bee

Illustrated notes

Levels and vault maps discovered:
D:1:      eino_arrival_druids_welcome, layout_basic,
          ebering_ecumenical_altar_box, serial_bayou_lake_a
D:2:      layout_loops_corners, corner_web_ring, minmay_3d_cube
D:3:      layout_loops_corners, zin_angel, gammafunk_temple_overflow_pools,
          serial_shops, nicolae_shop_stone, chequers_serial_rivers_micro_a,
          minmay_misc_feat_columns, palyth_stone_intersect,
          uniq_crazy_yiuf_cottage, uniq_natasha
D:4:      layout_basic
D:5:      layout_basic, minmay_door_square, uniq_blork_the_orc
D:6:      minmay_bubble_buster, layout_rooms, mainiacjoe_overflow_chevrons,
          serial_shops, shop, serial_glass, glass_columns_a, glass_columns_a,
          glass_columns_c, glass_columns_c, glass_columns_c, glass_columns_a,
          glass_columns_a, glass_columns_b, feat_on_display,
          minmay_strange_pillars, feat_on_display, item_on_display_a,
          minmay_misc_feat_rows, uniq_sigmund
D:7:      layout_loops_ring, lemuel_doored_altar, mainiacjoe_overflow_catwalk,
          minmay_temple_entry_drinking_statues
D:8:      layout_basic, nicolae_wu_jian_immortal_techniques, uniq_maggie,
          uniq_joseph
Temple:   nicolae_temple_figure_eight

Skill      XL: |  1  2  3  4  5  6  7  8  9 10 |
---------------+-------------------------------+-----
Short Blades   | 3 4 5 6 8 10 | 10.0
Throwing       | 3 4 |  4.0
Stealth        | 8 10 | 10.0
Dodging        | 4 5 |  5.0
Fighting       | 4 5 |  5.0
Evocations     | 2 4 |  4.9
Shields        | 3 |  3.9

Action                   |  1- 3 |  4- 6 |  7- 9 | 10-12 || total
-------------------------+-------+-------+-------+-------++-------
Melee: Dagger            |    82 |    92 |   281 |    60 ||   515
       Constrict         |    23 |    23 |    35 |     7 ||    88
       Tentacles         |    12 |    16 |    69 |    15 ||   112
Throw: Dart              |       |     7 |    44 |    18 ||    69
       Boomerang         |       |     2 |     4 |       ||     6
       Javelin           |       |       |       |     3 ||     3
Evoke: Wand              |       |       |     3 |     7 ||    10
  Use: Scroll            |     2 |     4 |     4 |     1 ||    11
       Potion            |       |       |     4 |     3 ||     7
 Stab: Sleeping          |    14 |    18 |    13 |     5 ||    50
       Invisible         |       |       |     1 |       ||     1
Armor: Skin              |     5 |     4 |     9 |     6 ||    24
Dodge: Dodged            |    38 |    52 |   116 |    32 ||   238
Block: Buckler           |       |       |       |    11 ||    11
